 Dungeon Crawl Stone Soup version 0.29.1-1-gd02db6906a (webtiles) character file.

Game seed: 10610500823466228041

13759 RascalDebosk the Thaumaturge (level 12, -6/92 HPs)
             Began as a Djinni Air Elementalist on Oct 20, 2022.
             Was an Initiate of Ashenzari.
             Mangled by a cyan very ugly thing (7 damage)
             ... on level 10 of the Dungeon.
             The game lasted 01:33:03 (12670 turns).

RascalDebosk the Thaumaturge (DjAE)                Turns: 12670, Time: 01:33:04

Health: -6/92      AC:  5    Str:  7    XL:     12   Next: 36%
Gold:   50         EV: 11    Int: 20    God:    Ashenzari [......] SH: 10 Dex: 16

rFire   + + +      SeeInvis .   n - staff of air
rCold   . . .      Faith    .   h - +0 kite shield
rNeg    + . .      Spirit   .   I - +2 robe {Will+}
rPois   ∞          Reflect  .   (no helmet)
rElec   +          Harm     .   r - scarf {rC+ rF+}
rCorr   .          Rampage  .   k - +0 pair of gloves
Will    ++...                   (boots unavailable)
Stlth   ++........              E - amulet of regeneration
HPRegen 1.05/turn               l - ring of positive energy
MPRegen 0.00/turn               (no ring)

@: sluggish, flying, studying Armour, very slow
A: sickness immunity, fire resistance 2, cold vulnerability 1, float, innate
caster, HP casting, extra vitality 1
a: Renounce Religion, Curse Item


You were on level 10 of the Dungeon.
You worshipped Ashenzari.
Ashenzari was noncommittal.
You visited 2 branches of the dungeon, and saw 11 of its levels.
You also visited: Bailey.

You collected 544 gold pieces.
You spent 494 gold pieces at shops.

Inventory:

Hand Weapons
 s - a +0 dagger
 C - a +2 long sword
Armour
 a - a +0 robe
 h - a +0 kite shield (worn)
 k - a +0 pair of gloves (worn)
 r - a scarf of resistance (worn)
 I - a +2 robe of willpower (worn)
Magical Staves
 d - a staff of conjuration
 n - a staff of air (weapon)
Jewellery
 e - an amulet of reflection
 l - a ring of positive energy (left hand)
 E - an amulet of regeneration (around neck)
Wands
 v - a wand of roots (31)
 y - a wand of paralysis (12)
 z - a wand of light (21)
 A - a wand of flame (10)
 G - a wand of polymorph (3)
Scrolls
 b - 3 scrolls of magic mapping
 f - a scroll of fog
 g - a scroll of blinking
 i - 2 scrolls of identify
 t - a scroll of poison {unknown}
 w - 3 scrolls of enchant weapon
 H - 4 scrolls of fear {unknown}
Potions
 c - a potion of attraction {unknown}
 j - 2 potions of might
 m - 4 potions of curing
 o - a potion of cancellation {unknown}
 p - 2 potions of heal wounds
 q - 2 potions of lignification
 u - 2 potions of mutation {unknown}
 x - 2 potions of invisibility {unknown}
 B - 2 potions of flight {unknown}
 D - 4 potions of berserk rage
 F - a potion of haste {unknown}


   Skills:
 + Level 10.4 Fighting
 - Level 2.1 Dodging
 - Level 1.5 Stealth
 - Level 5.0 Shields
 * Level 11.7 Spellcasting
 - Level 4.0 Evocations


You had 11 spell levels left.
You knew the following spells:

 Your Spells              Type           Power      Damage    Failure   Level
a - Shock                 Conj/Air       100%       1d9       1%          1
b - Static Discharge      Conj/Air       73%        3-13/arc  1%          2
c - Swiftness             Air            73%        N/A       1%          3
d - Airstrike             Air            36%        2d(6-22)  1%          4
e - Foxfire               Conj/Fire      100%       2x1d9     1%          1
f - Call Imp              Summ           55%        N/A       1%          2
g - Ensorcelled Hibernat  Hex/Ice        100%       N/A       1%          2
h - Summon Ice Beast      Ice/Summ       55%        N/A       1%          4
i - Leda's Liquefaction   Hex/Erth       27%        N/A       1%          4
Your spell library was empty.

Dungeon Overview and Level Annotations

Branches:
Dungeon (10/15)            Temple (1/1) D:4            Lair (0/5) D:8
 Bailey (visited)
    Orc: D:9-12

Altars:
Ashenzari
Cheibriados
Dithmenos
Elyvilon
Fedhas
Gozag
Hepliaklqana
Makhleb
Nemelex Xobeh
Okawaru
Qazlal
Ru
Trog
Uskayaw
Wu Jian
Xom
Yredelemnul
Zin
The Shining One

Shops:
D:1 (   D:5 (   D:8 =   D:10 *[[**

Annotations:
D:5 2 transporters, fireball365's ghost, novice MiDe


Innate Abilities, Weirdness & Mutations

You are immune to sickness and miasma.
You are immune to poison.
Your flesh is very heat resistant. (rF++)
You are vulnerable to cold. (rC-)
You float through the air rather than walking.
You learn spells naturally, not from books.
Your magical power is your life essence.
You have superior vitality. (+4 MHP)


Message History

Found a robe, 4 gold pieces and an embroidered scarf.
Unknown command.
You see here a +0 robe.
You now have 13 gold pieces (gained 4).
You see here a scarf of harm.
You see here a +0 glaive.
B - 2 inky potions (gained 1)
You now have 31 gold pieces (gained 18).
You see here a +0 leather armour.
You now have 50 gold pieces (gained 19).
Found a ring mail.
A cyan very ugly thing and a wizard come into view.
Found 18 gold pieces and a scroll of teleportation.
Found a scroll of identify, 2 stones and a manual of Short Blades.
The cyan very ugly thing gurgles horribly!
The wizard shouts!
There are monsters nearby!
Casting: Airstrike (mildly dangerous; 1% risk of failure)
Confirm with . or Enter, or press ? or * to list all spells.
You feel a surge of power!
You feel quick.
There is an open door here.
You see here an ugly thing corpse.
Things that are here:
a +0 dagger; a +0 leather armour
Aiming: Throw Flame
Press: ? - help, Shift-Dir - straight line, f - cyan very ugly thing
Aim: a cyan very ugly thing (71% to hit)
The puff of flame hits the cyan very ugly thing but does no damage.
You start to feel a little slower.
Casting: Swiftness (safe; 1% risk of failure)
Confirm with . or Enter, or press ? or * to list all spells.
Okay, then.
Casting: Swiftness (safe; 1% risk of failure)
Confirm with . or Enter, or press ? or * to list all spells.
You conjure some foxfire!
Your foxfire dissipates!
The foxfire hits the cyan very ugly thing.
The cyan very ugly thing is lightly wounded.
Casting: Foxfire (safe; 1% risk of failure)
Confirm with . or Enter, or press ? or * to list all spells.
A beastly little devil appears in a puff of frigid air.
Okay, then.
Casting: Call Imp (safe; 1% risk of failure)
Confirm with . or Enter, or press ? or * to list all spells.
This spell is already in effect.
You feel sluggish.
The cyan very ugly thing attacks as you move away!
The cyan very ugly thing tail-slaps you!!
The cyan very ugly thing shocks you. You resist.
You block the cyan very ugly thing's attack.
Your white imp hits the cyan very ugly thing but does no damage.
The cyan very ugly thing tail-slaps you!!
The cyan very ugly thing shocks you! You resist.
* * * LOW HITPOINT WARNING * * *
Casting: Swiftness (safe; 1% risk of failure)
Confirm with . or Enter, or press ? or * to list all spells.
You conjure some foxfire!
* * * LOW HITPOINT WARNING * * *
Your white imp gestures at the cyan very ugly thing.
The puff of frost hits the cyan very ugly thing!
You block the cyan very ugly thing's attack.
Casting: Foxfire (safe; 1% risk of failure)
Confirm with . or Enter, or press ? or * to list all spells.
You conjure some foxfire!
* * * LOW HITPOINT WARNING * * *
The foxfire hits the cyan very ugly thing but does no damage.
The cyan very ugly thing is lightly wounded.
The foxfire hits the cyan very ugly thing but does no damage.
The cyan very ugly thing is lightly wounded.
Your white imp hits the cyan very ugly thing but does no damage.
The cyan very ugly thing tail-slaps you but does no damage.
Casting: Foxfire (safe; 1% risk of failure)
Confirm with . or Enter, or press ? or * to list all spells.
You conjure some foxfire!
* * * LOW HITPOINT WARNING * * *
The foxfire hits the cyan very ugly thing!
The cyan very ugly thing is lightly wounded.
The foxfire hits the cyan very ugly thing.
The cyan very ugly thing is lightly wounded.
Your white imp barely misses the cyan very ugly thing.
The cyan very ugly thing tail-slaps you!!
* * * LOW HITPOINT WARNING * * *
The cyan very ugly thing shocks you! You resist.
* * * LOW HITPOINT WARNING * * *
Casting: Foxfire (safe; 1% risk of failure)
Confirm with . or Enter, or press ? or * to list all spells.
You don't know that spell.
Casting: Foxfire (safe; 1% risk of failure)
Confirm with . or Enter, or press ? or * to list all spells.
You conjure some foxfire!
* * * LOW HITPOINT WARNING * * *
The foxfire hits the cyan very ugly thing!
The cyan very ugly thing is moderately wounded.
The foxfire hits the cyan very ugly thing but does no damage.
The cyan very ugly thing is moderately wounded.
Your white imp hits the cyan very ugly thing but does no damage.
The cyan very ugly thing tail-slaps you!
* * * LOW HITPOINT WARNING * * *
The cyan very ugly thing shocks you! You resist.
You die...

....≈≈≈.........#
...~≈~≈≈.......###
##...∩≈≈.........##
#..~≈~≈≈..........#
###.≈≈≈)..........######
###....).........##....###
~###...##...~....##......###
~~##..#####.~..§v#.........# ##
~)###.###.#~#..§@u5........#####.
~.###......~#..v...####.#...#....
...##...##.~#....................
..[##...###~≈..#.:..........#...#
...###..##..~............#.######
).## #...#..~~...#....)).### ###
#......≈~.........)..# #
#......~~.~.....)....#
######.......~.~...##.....#


You could see a cyan very ugly thing (ally target) and a friendly white imp
(summoned).

Vanquished Creatures
  Erolcha (D:10)
  A wizard (D:10)
  Pikel (D:9)
  An orc knight (Bailey)
  6 ugly things (D:10)
  4 kobold demonologists (D:10)
  2 polar bears (D:10)
  A hornet (D:9)
  2 trolls
  2 centaur simulacra (D:10)
  A wraith (D:9)
  A basilisk (D:9)
  A wyvern (D:10)
  10 yaks (D:9)
  12 orc warriors
  A black bear (D:7)
  5 ice beasts
  2 sky beasts (D:8)
  2 wolves (D:10)
  An ogre (D:4)
  6 centaurs
  2 kobold brigands
  2 phantoms
  3 bullfrogs
  A gnoll sergeant (D:8)
  2 elf skeletons (D:7)
  2 scorpions
  5 wights (D:7)
  9 killer bees
  5 howler monkeys (D:8)
  7 orc priests
  3 hounds
  A jelly (D:6)
  A human zombie (D:7)
  3 iguanas
  5 orc wizards
  A human skeleton (D:7)
  7 gnolls
  4 adders
  A river rat (D:3)
  2 white imps (D:10)
  3 ufetubi
  3 worms
  40 orcs
  5 ball pythons
  2 endoplasms
  A giant cockroach (D:2)
  11 goblins
  7 jackals
  5 quokkas
  8 bats
  4 frilled lizards
  14 kobolds
  2 orc skeletons (D:7)
  4 rats
  A foxfire (D:10)
  5 toadstools (D:1)
244 creatures vanquished.

Vanquished Creatures (collateral kills)
  An orc warrior (D:10)
  A sky beast (D:6)
  An orc (D:10)
  A kobold (D:10)
4 creatures vanquished.

Vanquished Creatures (others)
  23 foxfires
  12 fungi
  2 plants (D:8)
37 creatures vanquished.

Grand Total: 285 creatures vanquished

Notes
Turn   | Place    | Note
-------+----------+-------------------------------------------
     0 | D:1      | RascalDebosk the Djinni Air Elementalist began the quest
                  | for the Orb.
     0 | D:1      | RascalDebosk set off with the following spells memorised:
                  | Shock, Static Discharge, Swiftness, Airstrike.
     0 | D:1      | Reached XP level 1. HP: 15/15 MP: 0/0
   422 | D:1      | Reached XP level 2. HP: 19/22 MP: 0/0
  1008 | D:1      | Found Goywn's Antique Weapon Emporium.
  1077 | D:2      | Reached skill level 1 in Fighting
  1077 | D:2      | Reached XP level 3. HP: 17/27 MP: 0/0
  1077 | D:2      | Learned a level 1 spell: Foxfire
  1281 | D:2      | Reached skill level 1 in Evocations
  1523 | D:3      | Reached skill level 3 in Spellcasting
  1866 | D:3      | Reached XP level 4. HP: 23/32 MP: 0/0
  2175 | D:3      | Found a faded altar of an unknown god.
  2919 | D:4      | Reached XP level 5. HP: 33/38 MP: 0/0
  2919 | D:4      | Learned a level 2 spell: Call Imp
  3224 | D:4      | Found a staircase to the Ecumenical Temple.
  3242 | D:4      | Noticed a phantom
  3251 | D:4      | Killed a phantom
  3252 | D:4      | Reached XP level 6. HP: 33/45 MP: 0/0
  3259 | Temple   | Entered the Ecumenical Temple
  3664 | Temple   | Became a worshipper of Ashenzari the Shackled
  3957 | D:4      | Reached skill level 4 in Spellcasting
  4044 | D:4      | Noticed an ogre
  4052 | D:4      | Killed an ogre
  4466 | D:4      | Reached XP level 7. HP: 48/50 MP: 0/0
  4466 | D:4      | Learned a level 2 spell: Ensorcelled Hibernation
  4538 | D:5      | Entered Level 5 of the Dungeon
  4698 | D:5      | Found a transporter.
  4782 | D:5      | Found Vinuna's Weapon Boutique.
  5092 | D:5      | Found a transporter.
  5092 | D:5      | Noticed fireball365's ghost (novice MiDe)
  5525 | D:6      | Reached skill level 5 in Spellcasting
  5778 | D:6      | Reached XP level 8. HP: 27/58 MP: 0/0
  6212 | D:6      | Reached skill level 1 in Shields
  7164 | D:7      | Found a flagged portal.
  7174 | D:7      | Reached skill level 6 in Spellcasting
  7188 | Bailey   | Entered a bailey
  7636 | Bailey   | Reached skill level 5 in Fighting
  7636 | Bailey   | Reached XP level 9. HP: 19/65 MP: 0/0
  7636 | Bailey   | Learned a level 4 spell: Summon Ice Beast
  8511 | Bailey   | Noticed an orc knight
  8649 | Bailey   | HP: 2/97 [something (2)]
  8652 | Bailey   | Killed an orc knight
  8653 | Bailey   | Reached skill level 7 in Spellcasting
  8840 | Bailey   | HP: 1/66 [orc warrior/+0 halberd (12)]
  9355 | D:7      | Reached XP level 10. HP: 45/73 MP: 0/0
 10341 | D:8      | Reached skill level 5 in Shields
 10343 | D:8      | Reached skill level 8 in Spellcasting
 10419 | D:8      | Found Ceumn's Jewellery Shoppe.
 10428 | D:8      | Bought an amulet of regeneration for 300 gold pieces
 10652 | D:8      | Found an opulent altar of Gozag.
 10780 | D:8      | Found a staircase to the Lair.
 11245 | D:9      | Noticed Pikel
 11254 | D:9      | Killed Pikel
 11255 | D:9      | Reached skill level 9 in Spellcasting
 11378 | D:9      | Reached XP level 11. HP: 60/81 MP: 0/0
 11378 | D:9      | Learned a level 4 spell: Leda's Liquefaction
 11526 | D:9      | Reached skill level 10 in Spellcasting
 11722 | D:10     | Entered Level 10 of the Dungeon
 11872 | D:10     | Found Duxzeti's Armour Boutique.
 12086 | D:10     | Noticed Erolcha
 12090 | D:10     | Killed Erolcha
 12094 | D:10     | Found Rioxekk's Armour Boutique.
 12129 | D:10     | Found Zosus's General Store.
 12146 | D:10     | Found Huhuef's Assorted Antiques.
 12277 | D:10     | Reached skill level 11 in Spellcasting
 12279 | D:10     | Reached XP level 12. HP: 49/91 MP: 0/0
 12291 | D:10     | Found Habarph's Assorted Antiques.
 12354 | D:10     | Bought a +2 robe of willpower for 194 gold pieces
 12450 | D:10     | Reached skill level 10 in Fighting
 12607 | D:10     | Noticed a cyan very ugly thing
 12670 | D:10     | HP: 1/92 [cyan very ugly thing (14)]
 12670 | D:10     | Mangled by a cyan very ugly thing

Illustrated notes

Levels and vault maps discovered:
D:1:      nzn_arrival_crosshair, layout_loops_ring, serial_shops,
          nicolae_shop_waterfront, corexii_item_surrounded_by_moat,
          minmay_gold_behind_fungi, st_stairs_7, minmay_pentomino_r2
D:2:      layout_basic, serial_shops, nicolae_shop_behind_doors,
          grunt_ministairs_7
D:3:      layout_basic, gup_sewer_entry_spiral,
          shapermc_ecumenical_altar_totnotflames
D:4:      layout_rooms, minmay_temple_entry_slanted
D:5:      layout_loops_ring, gammafunk_ghost_mausoleum, serial_glass,
          glass_columns_b, glass_columns_b, serial_shops,
          nicolae_shop_statue_plus
D:6:      layout_cave_pods
D:7:      layout_basic, nicolae_ossuary_entry_catacombs, enter_bailey_5,
          dk_rats_in_the_wall
D:8:      layout_loops_cross, mainiacjoe_overflow_24_doors, dpeg_oklobed_lair,
          serial_shops, nicolae_shop_temple_entry_statues_fountains
D:9:      layout_rooms, uniq_pikel
D:10:     cheibrodos_breeding_chamber, layout_cave_pools,
          biasface_ghost_orc_armoury, serial_ice, serial_ice_n, serial_ice_e,
          serial_ice_m, serial_ice_k, serial_shops, shop,
          nicolae_shop_waterfront, kennysheep_mini, nicolae_stop_n_shop_2,
          nicolae_shop_waterfront, uniq_erolcha
Temple:   mainiacjoe_temple_starburst

Skill      XL: |  1  2  3  4  5  6  7  8  9 10 11 12 |
---------------+-------------------------------------+-----
Fighting       | 1 2 3 4 5 6 8 9 10 | 10.4
Evocations     | 1 2 3 4 |  4.0
Spellcasting   | 3 4 5 6 7 9 11 | 11.7
Shields        | 2 4 5 |  5.0
Dodging        | |  2.1
Stealth        | |  1.5

Action                   |  1- 3 |  4- 6 |  7- 9 | 10-12 || total
-------------------------+-------+-------+-------+-------++-------
Melee: Dagger            |     2 |       |       |       ||     2
       Staff             |       |       |     1 |     3 ||     4
 Cast: Shock             |    72 |    78 |   133 |   157 ||   440
       Static Discharge  |     2 |       |    36 |    74 ||   112
       Airstrike         |       |     1 |     5 |    52 ||    58
       Call Imp          |       |     1 |     3 |     1 ||     5
       Swiftness         |       |     1 |       |     1 ||     2
       Foxfire           |       |       |     8 |     6 ||    14
       Summon Ice Beast  |       |       |     3 |     5 ||     8
       Leda's Liquefacti |       |       |       |     2 ||     2
Evoke: Wand              |       |       |       |     1 ||     1
  Use: Scroll            |       |     4 |     4 |     5 ||    13
       Potion            |       |       |     4 |       ||     4
Armor: Robe              |     2 |     1 |    11 |     8 ||    22
       Skin              |       |       |     1 |       ||     1
Dodge: Dodged            |     5 |    10 |    25 |    35 ||    75
Block: Kite shield       |       |     3 |    66 |    54 ||   123
       Reflection        |       |       |    25 |     1 ||    26
